TOP OF THE 1ST |
Nassau Rockets batting - Pitching for Plymouth Rocks : LHP Jean-Thomas Francoeur
|
Pitching: LHP Jean-Thomas Francoeur
|
|
Batting: RHB Francisco Rincón
|
0-0: Ball 1-0: SINGLE (Line Drive, 8RS)
|
Batting: SHB Howard Parker
|
0-0: Called Strike 0-1: Foul Ball, location: 2F 0-2: Ball 1-2: SINGLE (Groundball, 5D) Francisco Rincón to second
|
Batting: LHB Alden Lindsey
|
0-0: Called Strike 0-1: Ball 1-1: Swinging Strike 1-2: Ball 2-2: Ball 3-2: Base on Balls Francisco Rincón to third Howard Parker to second
|
Batting: LHB Wilson Allen
|
0-0: Ball 1-0: Called Strike 1-1: Ball 2-1: SINGLE (Groundball, 4MD) Francisco Rincón scores Howard Parker to third Alden Lindsey to second Runner from 3rd tries for Home, SAFE, no throw or cutoff
|
Batting: SHB Chris Bennis
|
0-0: Ball 1-0: Swinging Strike 1-1: Foul Ball, location: 2F 1-2: Foul Ball, location: 2F 1-2: Ball 2-2: Strikes out swinging
|
Batting: RHB Victor Antelo
|
0-0: Ball 1-0: Foul Ball, location: 2F 1-1: Called Strike 1-2: Foul Ball, location: 2F 1-2: Foul Ball, location: 2F 1-2: Foul Ball, location: 2F 1-2: Foul Ball, location: 2F 1-2: Foul Ball, location: 2F 1-2: Ball 2-2: Ball 3-2: SINGLE (Flyball, 78S) Alden Lindsey to third Wilson Allen to second Alden Lindsey scores Wilson Allen to third
|
Batting: LHB Doug Thompson
|
0-0: Foul Ball, location: 2F 0-1: Ball 1-1: Fielders Choice at 2nd, 3-6 (Groundball, 34) Wilson Allen scores
|
Batting: RHB José Hernández
|
0-0: Ball 1-0: Ball 2-0: Foul Ball, location: 2F 2-1: Ground out 6-3 (Groundball, 6)
|
Top of the 1st over - 4 run(s), 4 hit(s), 0 error(s), 1 left on base; Nassau 4 - Plymouth 0 |
BOTTOM OF THE 1ST |
Plymouth Rocks batting - Pitching for Nassau Rockets : RHP Tomás Molina
|
Pitching: RHP Tomás Molina
|
|
Batting: RHB António Zúńiga
|
0-0: Swinging Strike 0-1: Fly out, F4 (Line Drive, 4)
|
Batting: RHB Frederico Hernández
|
0-0: Ball 1-0: Ball 2-0: Ball 3-0: Called Strike 3-1: Foul Ball, location: 2F 3-2: Base on Balls
|
Batting: LHB Justino Salas
|
0-0: Foul Ball, location: 2F 0-1: Called Strike Frederico Hernández steals 2nd base 0-2: SINGLE (Line Drive, 4M) Frederico Hernández to third
|
Batting: LHB John Doby
|
0-0: Called Strike 0-1: Foul Ball, location: 2F 0-2: Strikes out swinging
|
Batting: RHB Dexter Potter
|
0-0: Called Strike 0-1: Fly out, F8 (Flyball, 8LD)
|
Bottom of the 1st over - 0 run(s), 1 hit(s), 0 error(s), 2 left on base; Nassau 4 - Plymouth 0 |
TOP OF THE 2ND |
Nassau Rockets batting - Pitching for Plymouth Rocks : LHP Jean-Thomas Francoeur
|
Batting: LHB Andrew Alvarado
|
0-0: Ball 1-0: Ground out 5-3 (Groundball, 56)
|
Batting: RHB Francisco Rincón
|
0-0: Ball 1-0: Ball 2-0: Called Strike 2-1: Ground out 4-3 (Groundball, 34)
|
Batting: SHB Howard Parker
|
0-0: Ball 1-0: Ball 2-0: Foul Ball, location: 2F 2-1: Foul Ball, location: 2F 2-2: Ground out 4-3 (Groundball, 4)
|
Top of the 2nd over - 0 run(s), 0 hit(s), 0 error(s), 0 left on base; Nassau 4 - Plymouth 0 |
BOTTOM OF THE 2ND |
Plymouth Rocks batting - Pitching for Nassau Rockets : RHP Tomás Molina
|
Batting: RHB Alberto Ramos
|
0-0: Called Strike 0-1: Ball 1-1: Swinging Strike 1-2: Strikes out swinging
|
Batting: LHB Robert Phillips
|
0-0: Called Strike 0-1: Ground out 1-3 (Groundball, 25)
|
Batting: RHB Richard Coker
|
0-0: SINGLE (Groundball, 6MD)
|
Batting: RHB Millard Boyd
|
0-0: Called Strike 0-1: Ball 1-1: Ball 2-1: Ball 3-1: Called Strike 3-2: Ground out 5-3 (Groundball, 5S)
|
Bottom of the 2nd over - 0 run(s), 1 hit(s), 0 error(s), 1 left on base; Nassau 4 - Plymouth 0 |
TOP OF THE 3RD |
Nassau Rockets batting - Pitching for Plymouth Rocks : LHP Jean-Thomas Francoeur
|
Batting: LHB Alden Lindsey
|
0-0: SINGLE (Flyball, 8LS)
|
Batting: LHB Wilson Allen
|
0-0: Swinging Strike 0-1: Called Strike 0-2: Ball Alden Lindsey steals 2nd base 1-2: Ball 2-2: Ball 3-2: Base on Balls
|
Batting: SHB Chris Bennis
|
0-0: Swinging Strike 0-1: Called Strike 0-2: Ball 1-2: Fly out, F8 (Flyball, 8RS)
|
Batting: RHB Victor Antelo
|
0-0: Ball Alden Lindsey steals 3rd base Wilson Allen to second 1-0: SINGLE (Flyball, 7S) Alden Lindsey scores Wilson Allen to third
|
Batting: LHB Doug Thompson
|
0-0: Ball 1-0: Called Strike 1-1: Ball 2-1: Called Strike 2-2: Foul Ball, location: 2F 2-2: Grounds into double play, 6-4-3 (Groundball, 6)
|
Top of the 3rd over - 1 run(s), 2 hit(s), 0 error(s), 1 left on base; Nassau 5 - Plymouth 0 |
BOTTOM OF THE 3RD |
Plymouth Rocks batting - Pitching for Nassau Rockets : RHP Tomás Molina
|
Batting: RHB António Zúńiga
|
0-0: Called Strike 0-1: Foul Ball, location: 2F 0-2: Strikes out swinging
|
Batting: RHB Frederico Hernández
|
0-0: Ball 1-0: Ground out 6-3 (Groundball, 6M)
|
Batting: LHB Justino Salas
|
0-0: Ball 1-0: Ball 2-0: Foul Ball, location: 2F 2-1: Called Strike 2-2: Ground out 4-3 (Groundball, 34)
|
Bottom of the 3rd over - 0 run(s), 0 hit(s), 0 error(s), 0 left on base; Nassau 5 - Plymouth 0 |
TOP OF THE 4TH |
Nassau Rockets batting - Pitching for Plymouth Rocks : LHP Jean-Thomas Francoeur
|
Batting: RHB José Hernández
|
0-0: Ball 1-0: Fly out, F9 (Flyball, 89S)
|
Batting: LHB Andrew Alvarado
|
0-0: Called Strike 0-1: Ball 1-1: Foul Ball, location: 2F 1-2: SINGLE (Flyball, 8LS)
|
Batting: RHB Francisco Rincón
|
0-0: Ball 1-0: Ball 2-0: Called Strike 2-1: Ball 3-1: SINGLE (Line Drive, 6M) Andrew Alvarado to second
|
Batting: SHB Howard Parker
|
0-0: SINGLE (Groundball, 6D) Andrew Alvarado to third Francisco Rincón to second Runner from 3rd tries for Home, SAFE, no throw or cutoff
|
Pitching: LHP Dave Smeddon
|
|
Batting: LHB Alden Lindsey
|
0-0: Ball 1-0: Ball 2-0: Called Strike 2-1: Called Strike 2-2: Ball 3-2: Base on Balls Francisco Rincón to third Howard Parker to second
|
Batting: LHB Wilson Allen
|
0-0: Called Strike 0-1: Swinging Strike 0-2: Strikes out swinging
|
Batting: SHB Chris Bennis
|
0-0: Called Strike 0-1: Foul Ball, location: 2F 0-2: GRAND SLAM HOME RUN (Line Drive, 7D), Distance : 403 ft
|
Batting: RHB Victor Antelo
|
0-0: Ball 1-0: Ball 2-0: Ball 3-0: Base on Balls
|
Batting: LHB Doug Thompson
|
0-0: Ball 1-0: Called Strike 1-1: Ball 2-1: Ground out 3-1 (Groundball, 3)
|
Top of the 4th over - 5 run(s), 4 hit(s), 0 error(s), 1 left on base; Nassau 10 - Plymouth 0 |
BOTTOM OF THE 4TH |
Plymouth Rocks batting - Pitching for Nassau Rockets : RHP Tomás Molina
|
Batting: LHB John Doby
|
0-0: Ball 1-0: Ball 2-0: Called Strike 2-1: Ball 3-1: DOUBLE (Flyball, 7LD)
|
Batting: RHB Dexter Potter
|
0-0: Ball 1-0: Foul Ball, location: 2F 1-1: Foul Ball, location: 2F 1-2: Ball 2-2: Ball 3-2: Base on Balls
|
Batting: RHB Alberto Ramos
|
0-0: Grounds into double play, U4-3 (Groundball, 4) John Doby to third
|
Batting: LHB Robert Phillips
|
0-0: Ball 1-0: Foul Ball, location: 2F 1-1: Ball 2-1: Swinging Strike 2-2: Ball 3-2: Strikes out swinging
|
Bottom of the 4th over - 0 run(s), 1 hit(s), 0 error(s), 1 left on base; Nassau 10 - Plymouth 0 |
TOP OF THE 5TH |
Nassau Rockets batting - Pitching for Plymouth Rocks : LHP Dave Smeddon
|
Batting: RHB José Hernández
|
0-0: Ball 1-0: Swinging Strike 1-1: Foul Ball, location: 2F 1-2: Ground out 6-3 (Groundball, 6)
|
Batting: LHB Andrew Alvarado
|
0-0: Ball 1-0: Ball 2-0: Called Strike 2-1: Fly out, F9 (Popup, 34D)
|
Pinch Hitting: LHB Jacob Wright
|
0-0: Called Strike 0-1: Swinging Strike 0-2: Ball 1-2: Strikes out swinging
|
Top of the 5th over - 0 run(s), 0 hit(s), 0 error(s), 0 left on base; Nassau 10 - Plymouth 0 |
BOTTOM OF THE 5TH |
Plymouth Rocks batting - Pitching for Nassau Rockets : RHP Tomás Molina
|
Pitching: LHP Kai-ge Hui
|
|
Now at 3B: Dave MacThomas
|
|
Batting: RHB Richard Coker
|
0-0: Ball 1-0: SINGLE (Groundball, 4M)
|
Batting: RHB Millard Boyd
|
0-0: Grounds into double play, 6-4-3 (Groundball, 6M)
|
Batting: RHB António Zúńiga
|
0-0: Ball 1-0: Ball 2-0: Foul Ball, location: 2F 2-1: SINGLE (Line Drive, 3)
|
Batting: RHB Frederico Hernández
|
0-0: Called Strike António Zúńiga is caught stealing 2nd base
|
Bottom of the 5th over - 0 run(s), 2 hit(s), 0 error(s), 0 left on base; Nassau 10 - Plymouth 0 |
TOP OF THE 6TH |
Nassau Rockets batting - Pitching for Plymouth Rocks : LHP Dave Smeddon
|
Pinch Hitting: RHB Sadayoshi Kato
|
0-0: Called Strike 0-1: Called Strike 0-2: Foul Ball, location: 2F 0-2: Fly out, F7 (Flyball, 7S)
|
Pinch Hitting: RHB Ed Sims
|
0-0: Called Strike 0-1: Ball 1-1: Foul Ball, location: 2F 1-2: Ball 2-2: SINGLE (Groundball, 56D)
|
Pinch Hitting: LHB Jimmy Husted
|
0-0: Called Strike 0-1: Ball Wild Pitch! Ed Sims to second 1-1: Foul Ball, location: 2F 1-2: Ground out 6-3 (Groundball, 6)
|
Batting: LHB Enrique Cortéz
|
0-0: Called Strike 0-1: Foul Ball, location: 2F 0-2: Ball 1-2: Ground out 5-3 (Groundball, 56)
|
Top of the 6th over - 0 run(s), 1 hit(s), 0 error(s), 1 left on base; Nassau 10 - Plymouth 0 |
BOTTOM OF THE 6TH |
Plymouth Rocks batting - Pitching for Nassau Rockets : LHP Kai-ge Hui
|
Now at 1B: Oscar Fairchild
|
|
Now at 3B: Sadayoshi Kato
|
|
Now in RF: Jimmy Husted
|
|
Batting: RHB Frederico Hernández
|
0-0: Ball 1-0: Called Strike 1-1: Ball 2-1: Ball 3-1: Called Strike 3-2: Foul Ball, location: 2F 3-2: Foul Ball, location: 2F 3-2: Fly out, F9 (Flyball, 9D)
|
Batting: LHB Justino Salas
|
0-0: Ball 1-0: Swinging Strike 1-1: Swinging Strike 1-2: Strikes out swinging
|
Batting: LHB John Doby
|
0-0: Ball 1-0: Ground out 1-3 (Groundball, 13S)
|
Bottom of the 6th over - 0 run(s), 0 hit(s), 0 error(s), 0 left on base; Nassau 10 - Plymouth 0 |
TOP OF THE 7TH |
Nassau Rockets batting - Pitching for Plymouth Rocks : LHP Dave Smeddon
|
Pitching: RHP Octávio Morín
|
|
Batting: RHB Victor Antelo
|
0-0: Called Strike 0-1: Swinging Strike 0-2: Ball 1-2: Foul Ball, location: 2F 1-2: Ball 2-2: Ball 3-2: Base on Balls
|
Pinch Hitting: SHB Suezo Sugimoto
|
0-0: Called Strike 0-1: SINGLE (Line Drive, 7S) Victor Antelo to second
|
Pinch Hitting: RHB Felipe Rivera
|
0-0: Ball 1-0: Called Strike 1-1: Fly out, F6 (Popup, 6MD)
|
Pinch Hitting: LHB Bob Martin
|
0-0: Called Strike 0-1: Ball 1-1: Foul Ball, location: 2F 1-2: Ball 2-2: Foul Ball, location: 2F 2-2: SINGLE (Line Drive, 8LS) Victor Antelo to third Suezo Sugimoto to second Runner from 3rd tries for Home, SAFE, throw made home Suezo Sugimoto to third Bob Martin to second
|
Batting: SHB Dave MacThomas
|
0-0: Ball 1-0: Ball 2-0: Called Strike 2-1: Foul Ball, location: 2F 2-2: Foul Ball, location: 2F 2-2: Ground out 1-3 (Groundball, 15S)
|
Batting: RHB Sadayoshi Kato
|
0-0: Swinging Strike 0-1: Called Strike 0-2: Fly out, F9 (Line Drive, 9M)
|
Top of the 7th over - 1 run(s), 2 hit(s), 0 error(s), 2 left on base; Nassau 11 - Plymouth 0 |
BOTTOM OF THE 7TH |
Plymouth Rocks batting - Pitching for Nassau Rockets : LHP Kai-ge Hui
|
Pitching: LHP Orlando Díaz
|
|
Now at SS: Felipe Cruz
|
|
Now in LF: Suezo Sugimoto
|
|
Now in CF: Felipe Rivera
|
|
Batting: RHB Dexter Potter
|
0-0: Called Strike 0-1: Foul Ball, location: 2F 0-2: Ball 1-2: Strikes out swinging
|
Batting: RHB Alberto Ramos
|
0-0: Called Strike 0-1: Ball 1-1: Ball 2-1: Foul Ball, location: 2F 2-2: Ball 3-2: Foul Ball, location: 2F 3-2: Foul Ball, location: 2F 3-2: Strikes out swinging
|
Batting: LHB Robert Phillips
|
0-0: Ball 1-0: Ball 2-0: Fly out, F8 (Flyball, 8LD)
|
Bottom of the 7th over - 0 run(s), 0 hit(s), 0 error(s), 0 left on base; Nassau 11 - Plymouth 0 |
TOP OF THE 8TH |
Nassau Rockets batting - Pitching for Plymouth Rocks : RHP Octávio Morín
|
Batting: LHB Oscar Fairchild
|
0-0: Foul Ball, location: 2F 0-1: Foul Ball, location: 2F 0-2: Ball 1-2: Strikes out looking
|
Batting: LHB Jimmy Husted
|
0-0: Ball 1-0: Swinging Strike 1-1: Ball 2-1: Swinging Strike 2-2: Strikes out looking
|
Batting: LHB Enrique Cortéz
|
0-0: SINGLE (Groundball, 56)
|
Batting: RHB Victor Antelo
|
0-0: Ball 1-0: Reached on error, E6 (Groundball, 6M) Enrique Cortéz to second
|
Batting: SHB Suezo Sugimoto
|
0-0: Ball 1-0: Called Strike 1-1: Ball 2-1: Called Strike 2-2: Foul Ball, location: 2F Single, Error in OF, E9, batter to second base Enrique Cortéz scores Victor Antelo to third
|
Batting: RHB Felipe Rivera
|
0-0: SINGLE (Groundball, 6M) Victor Antelo scores Suezo Sugimoto to third Runner from 3rd tries for Home, SAFE, no throw or cutoff
|
Batting: LHB Felipe Cruz
|
0-0: Hit by Pitch Felipe Rivera to second
|
Batting: SHB Dave MacThomas
|
0-0: Ball 1-0: Foul Ball, location: 2F 1-1: DOUBLE (Line Drive, 5L) Felipe Rivera scores Felipe Cruz to third
|
Pitching: RHP Erik Estes
|
|
Batting: RHB Sadayoshi Kato
|
0-0: Swinging Strike 0-1: SINGLE (Groundball, 34D) Felipe Cruz scores Dave MacThomas to third Runner from 3rd tries for Home, SAFE, no throw or cutoff
|
Batting: LHB Oscar Fairchild
|
0-0: Foul Ball, location: 2F 0-1: Ball 1-1: Ball 2-1: SINGLE (Flyball, 8RS) Sadayoshi Kato to second
|
Batting: LHB Jimmy Husted
|
0-0: Called Strike 0-1: Ball 1-1: Foul Ball, location: 2F 1-2: Foul Ball, location: 2F 1-2: Ball 2-2: Foul Ball, location: 2F 2-2: Fly out, F6 (Line Drive, 6)
|
Top of the 8th over - 6 run(s), 6 hit(s), 2 error(s), 2 left on base; Nassau 17 - Plymouth 0 |
BOTTOM OF THE 8TH |
Plymouth Rocks batting - Pitching for Nassau Rockets : LHP Orlando Díaz
|
Batting: RHB Richard Coker
|
0-0: Called Strike 0-1: SINGLE (Flyball, 78M)
|
Batting: RHB Millard Boyd
|
0-0: Called Strike 0-1: Fly out, F5 (Line Drive, 5L)
|
Pinch Hitting: RHB Kelly Owens
|
0-0: Ball 1-0: Ball 2-0: Called Strike 2-1: Ball 3-1: Swinging Strike 3-2: Fly out, F8 (Flyball, 8LM)
|
Pinch Hitting: RHB Jorge Vázquez
|
0-0: Ball 1-0: Ball 2-0: Foul Ball, location: 2F 2-1: Called Strike 2-2: Ball 3-2: Ground out 6-3 (Groundball, 6)
|
Bottom of the 8th over - 0 run(s), 1 hit(s), 0 error(s), 1 left on base; Nassau 17 - Plymouth 0 |
TOP OF THE 9TH |
Nassau Rockets batting - Pitching for Plymouth Rocks : RHP Erik Estes
|
Now in CF: Kelly Owens
|
|
Now in RF: Andrés Lara
|
|
Batting: LHB Enrique Cortéz
|
0-0: Foul Ball, location: 2F 0-1: Ball 1-1: Ball 2-1: Ground out 4-3 (Groundball, 4)
|
Pinch Hitting: RHB Carlos MacKinney
|
0-0: Ball 1-0: Called Strike 1-1: SOLO HOME RUN (Line Drive, 78XD), Distance : 433 ft
|
Batting: SHB Suezo Sugimoto
|
0-0: Called Strike 0-1: Ball 1-1: Ball 2-1: Swinging Strike 2-2: SINGLE (Groundball, 56D)
|
Batting: RHB Felipe Rivera
|
|
Pinch Hitting: RHB Victor Andrews
|
0-0: Ball 1-0: Called Strike 1-1: Foul Ball, location: 2F 1-2: Ball 2-2: Ball 3-2: Strikes out swinging
|
Batting: LHB Felipe Cruz
|
0-0: Called Strike 0-1: Swinging Strike 0-2: Ground out 4-3 (Groundball, 4)
|
Top of the 9th over - 1 run(s), 2 hit(s), 0 error(s), 1 left on base; Nassau 18 - Plymouth 0 |
BOTTOM OF THE 9TH |
Plymouth Rocks batting - Pitching for Nassau Rockets : LHP Orlando Díaz
|
Now at C: Victor Andrews
|
|
Now in CF: Rafael Delgado
|
|
Pinch Hitting: RHB Júlio Negrón
|
0-0: Foul Ball, location: 2F 0-1: Foul Ball, location: 2F 0-2: Strikes out swinging
|
Batting: RHB Liangde Que
|
0-0: Ball 1-0: Ball 2-0: Called Strike 2-1: Ball 3-1: Base on Balls
|
Pinch Hitting: RHB Guo-xiu Hsueh
|
0-0: Ball 1-0: Fly out, F9 (Flyball, 89M)
|
Pinch Hitting: LHB Frank Geddes
|
0-0: Called Strike 0-1: Swinging Strike 0-2: Ball 1-2: Ball 2-2: Foul Ball, location: 2F 2-2: Strikes out swinging
|
Bottom of the 9th over - 0 run(s), 0 hit(s), 0 error(s), 1 left on base; Nassau 18 - Plymouth 0 |
|